 Dungeon Crawl Stone Soup version 0.29-a0-371-g91724d5b39 (webtiles) character file.

Game seed: 5678515139915040036

25 spaghetti the Sneak (level 2, 0/19 HPs)
             Began as a Demonspawn Earth Elementalist on May 2, 2022.
             Slain by a hobgoblin (5 damage)
             ... on level 1 of the Dungeon.
             The game lasted 00:02:13 (941 turns).

spaghetti the Sneak (Demonspawn Earth Elementalist)  Turns: 941, Time: 00:02:14

Health: 0/19       AC:  2    Str:  8    XL:     2   Next: 86%
Magic:  0/5        EV: 12    Int: 16    God:
Gold:   101        SH:  0    Dex: 13    Spells: 2/5 levels left

rFire   . . .      SeeInvis .   j - +2 hunting sling (freeze) {sling}
rCold   . . .      Faith    .   (no shield)
rNeg    . . .      Spirit   .   b - +0 robe
rPois   .          Reflect  .   (no helmet)
rElec   .          Harm     .   (no cloak)
rCorr   .          Rampage  .   (no gloves)
Will    .....                   (no boots)
Stlth   ++........              (no amulet)
HPRegen 0.06/turn               (no ring)
MPRegen 0.09/turn               (no ring)

@: very slightly contaminated
A: ignite blood 1
a: no special abilities


You were on level 1 of the Dungeon.
You visited 1 branch of the dungeon, and saw 2 of its levels.

You collected 101 gold pieces.


Innate Abilities, Weirdness & Mutations

Your demonic aura sometimes causes spilled blood to erupt in flames.


   Skills:
 - Level 1.7 Dodging
 + Level 3.3 Stealth
 - Level 2.0 Spellcasting
 - Level 0.8 Transmutations
 - Level 2.6 Earth Magic


You had 2 spell levels left.
You knew the following spells:

 Your Spells              Type           Power      Damage    Failure   Level
a - Sandblast             Erth           20%        2d7       7%          1
b - Passwall              Tmut/Erth      5%         N/A       16%         2

Your spell library contained the following spells:

 Spells                   Type           Power      Damage    Failure   Level
 Stone Arrow              Conj/Erth      10%        3d7       34%         3
 Petrify                  Tmut/Erth      7%         N/A       69%         4

Inventory:

Hand Weapons
 e - a +0 dagger {short}
   (You took it off a kobold on level 1 of the Dungeon)
 g - a +0 dagger {short}
   (You found it on level 1 of the Dungeon)
 h - a +0 hunting sling of freezing {sling}
   (You found it on level 1 of the Dungeon)
 j - a +2 hunting sling of freezing (weapon) {sling}
   (You found it on level 1 of the Dungeon)
Missiles
 a - 44 stones {throwing}
Armour
 b - a +0 robe (worn)
Scrolls
 d - 3 scrolls of teleportation {unknown}
 f - a scroll of identify {unknown}
Potions
 c - 2 potions of magic
 i - a potion of curing {unknown}
 k - a potion of lignification {unknown}

Dungeon Overview and Level Annotations

Branches:
Dungeon (2/15)

Altars:

Shops:
D:2

! ..##....#### ##
........+ ...#.
....#...####.#. ## ##
[...+........>.###.#....
....##.....#.#..#g8g#
...........#....)# ###
...#..####.#.....##..#..
...............)##...[..
....)≈≈≈≈≈≈≈≈≈..@g......
.....≈#≈≈≈≈≈#≈..........
.....≈#≈###≈#≈...###+#.#
##.##≈#≈≈≈≈≈#≈.........
....'≈≈≈≈≈≈≈≈≈...###.##
...##..............#
...##............#....
....#.......#.###......
....#....^..#.# ......


You could see a hobgoblin.


Message History

The ball python seems to slow down.
The sling bullet freezes the ball python.
You kill the ball python!
Fire: j) +2 hunting sling (freeze) {sling}
Press: ? - help, Q - select action, (/) - cycle Shift-Dir - straight line, f - goblin
Aim: a goblin, wielding a +0 club (47% to hit)
You shoot a sling bullet.
The sling bullet barely misses the goblin.
The goblin completely misses you.
Fire: j) +2 hunting sling (freeze) {sling}
Press: ? - help, Q - select action, (/) - cycle Shift-Dir - straight line, f/p - goblin
Aim: a goblin, wielding a +0 club (47% to hit)
You shoot a sling bullet.
The sling bullet barely misses the goblin.
The goblin hits you but does no damage. The goblin barely misses you.
The endoplasm jiggles.
The endoplasm freezes you.
You are frozen. 😕 HP[-3]
You take 3 damage, and now have 16/19 hp.
Casting: Sandblast (safe; 7% risk of failure)
Confirm with . or Enter, or press ? or * to list all spells.
Aiming: Sandblast (safe; 7% risk of failure)
Press: ? - help, Shift-Dir - straight line, f/p - goblin
Aim: a goblin, wielding a +0 club (74% to hit)
The blast of sand hits the goblin.
a - 47 stones {throwing} The endoplasm freezes you.
You are frozen.
The goblin barely misses you.
A hobgoblin comes into view. 😮 HP[-5] MP[-1]
You take 5 damage, and now have 11/19 hp.
MASSIVE DAMAGE!! (PAUSE)
You lost 1 mp, and now have 4/5 mp.
Casting: Sandblast (safe; 7% risk of failure)
Confirm with . or Enter, or press ? or * to list all spells.
Aiming: Sandblast (safe; 7% risk of failure)
Press: ? - help, Shift-Dir - straight line, f/p - goblin
Aim: a goblin, wielding a +0 club (severely wounded, 74% to hit)
The blast of sand hits the goblin.
You kill the goblin!
a - 46 stones {throwing} The endoplasm barely misses you. 😮 MP[-1]
You lost 1 mp, and now have 3/5 mp.
Casting: Sandblast (safe; 7% risk of failure)
Confirm with . or Enter, or press ? or * to list all spells.
Aiming: Sandblast (safe; 7% risk of failure)
Press: ? - help, Shift-Dir - straight line, f - endoplasm
Aim: an endoplasm (98% to hit)
You miscast Sandblast.
You are very lightly contaminated with residual magic.
Nothing appears to happen.
The endoplasm freezes you.
You are frozen. 😮 HP[-1] MP[-1]
You take 1 damage, and now have 10/19 hp.
You lost 1 mp, and now have 2/5 mp.
Casting: Sandblast (safe; 7% risk of failure)
Confirm with . or Enter, or press ? or * to list all spells.
Aiming: Sandblast (safe; 7% risk of failure)
Press: ? - help, Shift-Dir - straight line, f/p - endoplasm
Aim: an endoplasm (98% to hit)
The blast of sand hits the endoplasm!
You kill the endoplasm!
a - 45 stones {throwing} 😮 MP[-1]
You lost 1 mp, and now have 1/5 mp.
Casting: Sandblast (safe; 7% risk of failure)
Confirm with . or Enter, or press ? or * to list all spells.
Aiming: Sandblast (safe; 7% risk of failure)
Press: ? - help, Shift-Dir - straight line, f - hobgoblin
Aim: a hobgoblin, wearing a +0 leather armour (79% to hit)
The blast of sand hits the hobgoblin but does no damage.
a - 44 stones {throwing} The hobgoblin completely misses you. 😮 MP[-1]
You lost 1 mp, and now have 0/5 mp.
Casting: Sandblast (safe; 7% risk of failure)
Confirm with . or Enter, or press ? or * to list all spells.
You don't have enough magic to cast this spell.
Unknown command.
Fire: j) +2 hunting sling (freeze) {sling}
Press: ? - help, Q - select action, (/) - cycle Shift-Dir - straight line, f/p - hobgoblin
Aim: a hobgoblin, wearing a +0 leather armour (56% to hit)
You shoot a sling bullet.
The sling bullet barely misses the hobgoblin.
The hobgoblin hits you.
* * * LOW HITPOINT WARNING * * *
😨 HP[-2]
You take 2 damage, and now have 8/19 hp.
Fire: j) +2 hunting sling (freeze) {sling}
Press: ? - help, Q - select action, (/) - cycle Shift-Dir - straight line, f/p - hobgoblin
Aim: a hobgoblin, wearing a +0 leather armour (56% to hit)
You shoot a sling bullet.
The sling bullet hits the hobgoblin but does no damage.
The hobgoblin hits you.
* * * LOW HITPOINT WARNING * * *
The hobgoblin hits you.
You die...

Skill      XL: |  1  2 |
---------------+-------+-----
Stealth        | 2 3 |  3.3
Dodging        | |  1.7
Spellcasting   | |  2.0
Transmutations | |  0.8
Earth Magic    | |  2.6

Action                   || total
-------------------------++-------
Melee: Unarmed           ||     7
       Punch             ||     1
 Fire: Hunting sling     ||    19
 Cast: Sandblast         ||    27
Armor: Robe              ||     6
Dodge: Dodged            ||    13

Levels and vault maps discovered:
D:1:      shiori_arrival_whats_in_store_for_you, layout_basic,
          chequers_serial_rivers_small_a, hangedman_decor_growths,
          minmay_crystal_water, minmay_pentomino_r4
D:2:      layout_basic, hellmonk_ecumenical_altar_inner_sanctum, serial_shops,
          nicolae_shop_statue_plus, corner_web_ring

Notes
Turn   | Place    | Note
-------+----------+-------------------------------------------
     0 | D:1      | spaghetti the Demonspawn Earth Elementalist began the quest
                  | for the Orb.
     0 | D:1      | Reached XP level 1. HP: 13/13 MP: 3/3
     0 | D:1      | Noticed an ogre
     0 | D:1      | magus.rc [v1.9.6]
     6 | D:1      | Noticed a vine stalker
     9 | D:1      | Noticed a tengu
    13 | D:1      | Noticed a dwarf
    15 | D:1      | Noticed a minotaur zombie
    17 | D:1      | Noticed a minotaur skeleton
    17 | D:1      | Noticed a demigod
    50 | D:2      | Reached skill level 2 in Stealth
   175 | D:2      | HP: 1/13 [worm (8)]
   240 | D:2      | Found Hailymisch's Distillery.
   417 | D:2      | Gained mutation: Your demonic aura sometimes causes spilled
                  | blood to erupt in flames. [demonic ancestry]
   417 | D:2      | Reached XP level 2. HP: 9/19 MP: 0/5
   602 | D:1      | Learned a level 2 spell: Passwall
   810 | D:1      | Reached skill level 3 in Stealth
   941 | D:1      | Slain by a hobgoblin

Vanquished Creatures
  A worm (D:2)
  A dart slug (D:1)
  2 bats
  An endoplasm (D:1)
  A giant cockroach (D:2)
  2 goblins (D:1)
  A hobgoblin (D:1)
  2 jackals
  3 ball pythons
  A frilled lizard (D:1)
  4 kobolds (D:1)
  A rat (D:1)
20 creatures vanquished.

Table legend:
 A = Non-vault XP
 B = Vault XP
 C = Vault XP percentage of total XP
 D = Non-vault monster count
 E = Vault monster count
 F = Vault count percentage of total count
                 A         B        C        D         E       F
            +---------+---------+-------+---------+---------+-------
      Total |      31 |       6 |  16.2 |      16 |       4 |  20.0
            +---------+---------+-------+---------+---------+-------
        D:1 |      20 |       6 |  23.1 |      11 |       4 |  26.7
        D:2 |      11 |       0 |   0.0 |       5 |       0 |   0.0
            +---------+---------+-------+---------+---------+-------

Illustrated notes

Table legend:
 A = Kills in this place as a percentage of kills in entire the game.
 B = Kills by you in this place as a percentage of kills by you in the entire game.
 C = Kills by friends in this place as a percentage of kills by friends in the entire game.
 D = Other kills in this place as a percentage of other kills in the entire game.
 E = Experience gained in this place as a percentage of experience gained in the entire game.
 F = Experience gained in this place divided by the number of levels of this place that you have seen.
                   A       B       C       D       E      F
               +-------+-------+-------+-------+-------+----------------------
         Total | 100.0 | 100.0 |   N/A |   N/A | 100.0 |  18.5
       Dungeon | 100.0 | 100.0 |   N/A |   N/A | 100.0 |  18.5
               +-------+-------+-------+-------+-------+----------------------

Table legend: (Time is in decaauts)
 A = Elapsed time spent in this place.
 B = Non-inter-level travel time spent in this place.
 C = Inter-level travel time spent in this place.
 D = Time resting spent in this place.
 E = Time spent auto-exploring this place.
 F = Levels seen in this place.
 G = Mean time per level.
                   A        B        C        D        E       F      G
               +--------+--------+--------+--------+--------+-----+--------+
         Total |    950 |    945 |      5 |    340 |    364 |   2 |  475.0 |
       Dungeon |    950 |    945 |      5 |    340 |    364 |   2 |  475.0 |
               +--------+--------+--------+--------+--------+-----+--------+

Top non-repeatable levels by time:
     D:2: 531 daAuts
     D:1: 418 daAuts
